 Dungeon Sprint DCSS version 0.22-a0-398-g8bb545f (webtiles) character file.

1738 sexinstructor the Arsonist (level 8, -2/48 HPs)
             Began as a Deep Elf Fire Elementalist on May 5, 2018.
             Was the Champion of Vehumet.
             Blown up by an eye of devastation (31 damage)
             ... with a bolt of energy
             ... in the Dungeon (Sprint V: "Ziggurat Sprint").
             The game lasted 00:13:13 (645 turns).

sexinstructor the Arsonist (DEFE)                    Turns: 645, Time: 00:13:17

Health: -2/48      AC:  4    Str:  5    XL:     8   Next: 77%
Magic:  16/32      EV: 15    Int: 41    God:    Vehumet [******]
Gold:   0          SH:  4    Dex: 15    Spells: 12/31 levels left

rFire    + . .     SeeInvis .   G - +6 Majin-Bo {vamp, Archmagi MP+6 Int+6}
rCold    . . .     Gourm    .   (shield currently unavailable)
rNeg     . . .     Faith    .   t - +2 robe {rF+}
rPois    .         Spirit   .   (no helmet)
rElec    .         Reflect  +   (no cloak)
rCorr    .         Harm     .   (no gloves)
MR       .....     NoTele   +   (no boots)
Stlth    +++.......             I - +4 amulet of reflection
HPRegen  0.16/turn              C - +6 ring of intelligence
MPRegen  0.23/turn              B - +6 ring of intelligence

@: very slightly contaminated
A: no striking features
a: Renounce Religion


You were in the Dungeon.
You worshipped Vehumet.
Vehumet was exalted by your worship.
You were not hungry.

You visited 1 branch

Inventory:

Hand Weapons
 j - a +5 quick blade
 G - the +6 Majin-Bo (weapon) {vamp, Archmagi MP+6 Int+6}
   (You found it in the Dungeon)

   It inflicts no extra harm, but heals its wielder when it wounds a living foe.
   It affects your intelligence (+6).
   It affects your magic capacity (+6).
Armour
 a - a +0 robe
 b - a +3 buckler
 t - a +2 robe of fire resistance (worn)
 H - a +2 robe
Jewellery
 z - a +6 ring of dexterity
 A - a +6 ring of dexterity
 B - a +6 ring of intelligence (right hand)
 C - a +6 ring of intelligence (left hand)
 D - a +6 ring of strength
 E - a +6 ring of strength
 I - a +4 amulet of reflection (around neck)
 K - the amulet "Muah" {Harm *Drain rF+ rC+ MR- Dex+2}
   (You found it in the Dungeon)

   [amulet of harm]

   It increases damage dealt and taken.
   It affects your dexterity (+2).
   It protects you from fire.
   It protects you from cold.
   It affects your resistance to hostile enchantments.
   It causes draining when unequipped.
 L - an uncursed ring of fire
Wands
 w - a wand of disintegration (7)
 x - a wand of iceblast (7)
 y - a wand of acid (7)
Scrolls
 i - 4 scrolls of blinking
 k - 4 scrolls of amnesia
 l - 7 scrolls of fog
 m - a scroll of holy word
 n - 5 scrolls of identify
 o - 5 scrolls of remove curse
 p - 2 scrolls of fear
 M - a scroll of brand weapon
Potions
 d - 10 potions of curing
 e - 10 potions of heal wounds
 f - 6 potions of haste
 g - 7 potions of magic
 h - 2 potions of berserk rage
 q - 2 potions of brilliance
 r - 2 potions of invisibility
 s - 4 potions of resistance
 u - 5 potions of agility
 v - 5 potions of might
Miscellaneous
 F - a crystal ball of energy
Comestibles
 c - 6 rations
 J - 14 chunks of flesh


   Skills:
 - Level 4.2 Fighting
 - Level 5.2 Short Blades
 + Level 5.2 Dodging
 - Level 4.2 Stealth
 + Level 12.2 Spellcasting
 + Level 6.7 Conjurations
 + Level 0.2 Transmutations
 + Level 14.7 Fire Magic
 + Level 0.2 Earth Magic


You had 12 spell levels left.
You knew the following spells:

 Your Spells              Type           Power        Failure   Level  Hunger
a - Flame Tongue          Conj/Fire      #####        0%          1    None
b - Throw Flame           Conj/Fire      ######       1%          2    None
c - Conjure Flame         Conj/Fire      ########     1%          3    None
d - Sticky Flame          Conj/Fire      ########     1%          4    None
e - Fireball              Conj/Fire      ########..   1%          5    None
f - Petrify               Tmut/Erth      #####...     12%         4    None


Dungeon Overview and Level Annotations

Branches:
Dungeon (1/1)

Altars:
Ashenzari
Cheibriados
Dithmenos
Elyvilon
Fedhas
Gozag
Hepliaklqana
Kikubaaqudgha
Makhleb
Nemelex Xobeh
Okawaru
Qazlal
Ru
Sif Muna
Trog
Uskayaw
Vehumet
Wu Jian
Xom
Yredelemnul
Zin
The Shining One
Beogh
Jiyva
Lugonu


Message History

Press: ? - help, Shift-Dir - straight line, f/p - slime creature
Aim: a slime creature (severely wounded)
You feel a surge of power!
The fireball explodes!
The fireball engulfs the slime creature.
You kill the slime creature!
Vehumet accepts your kill.
You feel your power returning.
Casting: Fireball (safe; 1% risk of failure)
Confirm with . or Enter, or press ? or * to list all spells.
Aiming: Fireball (safe; 1% risk of failure)
Press: ? - help, Shift-Dir - straight line, f - eye of devastation
Aim: an eye of devastation (lightly wounded)
You feel a surge of power!
The fireball explodes!
The fireball engulfs the eye of devastation.
The eye of devastation is moderately wounded.
The eye of devastation pulsates ominously.
The eye of devastation gazes at you. The bolt of energy hits you!
Ouch! That really hurt!
You die...

▓..:[)..▓
▓..):)..▓
▓.......▓
▓...G...▓
▓.......▓
▓.......▓
▓.......▓
▓...@...▓
▓▓▓▓▓▓▓▓▓


You could see an eye of devastation.

Vanquished Creatures
  A yaktaur (D)
  2 slime creatures (D)
  A spriggan (D)
  A golden eye (D)
  2 floating eyes (D)
  A black bear (D)
  4 centaurs (D)
  4 jellies (D)
  2 orc wizards (D)
  2 mummies (D)
  2 adder zombies (D)
  An orc (D)
  A bat skeleton (D)
  4 bat zombies (D)
  A quokka skeleton (D)
29 creatures vanquished.

Vanquished Creatures (others)
  2 spatial maelstroms (D)
2 creatures vanquished.

Grand Total: 31 creatures vanquished

Notes
Turn   | Place    | Note
-------+----------+-------------------------------------------
     0 | D        | Found the +6 Majin-Bo {vamp, Archmagi MP+6 Int+6}
     0 | D        | Found the +7 great mace "Firestarter" {inner flame, rF++}
     0 | D        | sexinstructor the Deep Elf Fire Elementalist began the quest for the Orb.
     0 | D        | Reached XP level 1. HP: 10/10 MP: 6/6
     2 | D        | Found a blossoming altar of Fedhas.
     6 | D        | Found a viscous altar of Jiyva.
     6 | D        | Found a hazy altar of Hepliaklqana.
     6 | D        | Found a transporter.
     6 | D        | Found an opulent altar of Gozag.
     6 | D        | Found an ancient bone altar of Kikubaaqudgha.
     6 | D        | Found a corrupted altar of Lugonu.
    11 | D        | Banished a spatial maelstrom
    11 | D        | Banished a spatial maelstrom
    13 | D        | Found a burning altar of Makhleb.
    14 | D        | Found an iron altar of Okawaru.
    14 | D        | Found a stormy altar of Qazlal.
    14 | D        | Found a sparkling altar of Nemelex Xobeh.
    14 | D        | Found a sacrificial altar of Ru.
    14 | D        | Found a deep blue altar of Sif Muna.
    15 | D        | Found a bloodstained altar of Trog.
    32 | D        | Became a worshipper of Vehumet
    48 | D        | Found the +9 heavy crossbow "Sniper" {velocity, Acc+∞ SInv}
    48 | D        | Found the +10 dark maul {crush}
    48 | D        | Found the +15 Maxwell's patent armour {-Cast -Tele rElec MR+ rCorr}
    48 | D        | Found the +18 shield of the Gong {rElec rN+ MR+ EV-5}
    48 | D        | Found the cursed +14 obsidian axe {chop, +Fly SInv *Curse}
    57 | D        | Reached skill level 5 in Short Blades
    57 | D        | Reached XP level 2. HP: 20/20 MP: 8/8
    63 | D        | Entered arena 2.
    63 | D        | Noticed a black bear
    63 | D        | Noticed a spriggan
    63 | D        | Found a transporter.
    67 | D        | Killed a spriggan
    67 | D        | Reached skill level 7 in Fire Magic
    67 | D        | Reached XP level 3. HP: 24/24 MP: 8/12
    67 | D        | Reached XP level 4. HP: 29/29 MP: 9/14
    67 | D        | Reached XP level 5. HP: 33/33 MP: 9/15
    71 | D        | Killed a black bear
    71 | D        | Reached skill level 9 in Fire Magic
   117 | D        | Learned a level 2 spell: Throw Flame
   121 | D        | Learned a level 3 spell: Conjure Flame
   126 | D        | Learned a level 4 spell: Sticky Flame
   132 | D        | Learned a level 5 spell: Fireball
   137 | D        | Entered arena 3.
   137 | D        | Found a transporter.
   141 | D        | Reached * piety under Vehumet
   141 | D        | Offered knowledge of Shock by Vehumet.
   141 | D        | Reached XP level 6. HP: 33/38 MP: 11/18
   142 | D        | Reached skill level 10 in Fire Magic
   242 | D        | Entered arena 4.
   242 | D        | Noticed a slime creature
   242 | D        | Found a transporter.
   243 | D        | Reached ** piety under Vehumet
   248 | D        | Killed a slime creature
   248 | D        | Reached skill level 11 in Fire Magic
   248 | D        | Reached XP level 7. HP: 29/43 MP: 12/21
   359 | D        | Entered arena 5.
   359 | D        | Found a transporter.
   360 | D        | Offered knowledge of Freeze by Vehumet.
   360 | D        | Reached *** piety under Vehumet
   360 | D        | Reached skill level 12 in Fire Magic
   483 | D        | Entered arena 6.
   483 | D        | Noticed a yaktaur
   483 | D        | Found a transporter.
   484 | D        | Reached **** piety under Vehumet
   484 | D        | Reached skill level 10 in Spellcasting
   485 | D        | Reached skill level 13 in Fire Magic
   485 | D        | Killed a yaktaur
   485 | D        | Reached skill level 5 in Conjurations
   485 | D        | Reached XP level 8. HP: 34/48 MP: 20/25
   502 | D        | Got the amulet "Muah" {Harm *Drain rF+ rC+ MR- Dex+2}
   504 | D        | Got Sif Muna's Disquisition on Mutagenic Envenoming
   510 | D        | Learned a level 4 spell: Petrify
   603 | D        | Entered arena 7.
   604 | D        | Offered knowledge of Mephitic Cloud by Vehumet.
   604 | D        | Reached ***** piety under Vehumet
   605 | D        | Found a transporter.
   639 | D        | Entered arena 8.
   639 | D        | Noticed an eye of devastation
   639 | D        | Noticed a slime creature
   640 | D        | Found the +3 sling "Punk" {acid, rCorr}
   640 | D        | Reached skill level 14 in Fire Magic
   640 | D        | Reached ****** piety under Vehumet
   640 | D        | Reached skill level 5 in Dodging
   644 | D        | Killed a slime creature
   645 | D        | Blown up by an eye of devastation

Vault maps used:
D:        sprint_v

Skill      XL: |  1  2  3  4  5  6  7  8 |
---------------+-------------------------+-----
Fighting       | 4 |  4.2
Short Blades   | 5 |  5.2
Dodging        | 4 5 |  5.2
Stealth        | 4 |  4.2
Spellcasting   | 6 7 9 11 12 | 12.2
Fire Magic     | 7 9 11 13 14 | 14.7
Conjurations   | 2 3 5 6 |  6.7
Transmutations | |  0.2
Earth Magic    | |  0.2

Action                   |  1- 3 |  4- 6 |  7- 9 || total
-------------------------+-------+-------+-------++-------
Melee: Quick blade       |     3 |     4 |       ||     7
 Cast: Throw Flame       |       |     9 |     9 ||    18
       Fireball          |       |     1 |     7 ||     8
  Use: Potion            |     2 |       |       ||     2
  Eat: Ration            |       |     1 |       ||     1
Dodge: Dodged            |       |     3 |     2 ||     5
Block: Buckler           |     1 |     1 |       ||     2

Table legend:
 A = Spawn XP
 B = Non-spawn XP
 C = Spawn XP percentage of total XP
 D = Spawn monster count
 E = Non-spawn monster count
 F = Spawn count percentage of total count
 G = Total turns spent on level
                    A         B        C        D         E        F      G
               +---------+---------+-------+---------+---------+-------+---------
         Total |       0 |    2471 |   0.0 |       0 |      29 |   0.0 |   645
               +---------+---------+-------+---------+---------+-------+---------
             D |       0 |    2471 |   0.0 |       0 |      29 |   0.0 |   645
               +---------+---------+-------+---------+---------+-------+---------
